 Dungeon Crawl Stone Soup version bcrawl-1.21.2-20-g6d45ba5942 (webtiles) character file.

Game seed: 4231707502350523632

6361 MisterOstroum the Covert (level 10, 0/63 HPs)
             Began as a Jungle Stalker Archaeologist on Feb 26, 2020.
             Was a Priest of Wu Jian.
             Slain by a blink frog (7 damage)
             ... on level 1 of the Lair of Beasts.
             The game lasted 00:19:21 (7788 turns).

MisterOstroum the Covert (VSAc)                     Turns: 7788, Time: 00:19:21

Health: 0/63       AC: 10    Str: 17    XL:     10   Next: 96%
Magic:  14/14      EV: 15    Int: 14    God:    Wu Jian [***...]
Gold:   605        SH:  3    Dex: 13    Spells: 9/9 levels left

rFire    . . .     SeeInvis .   a - +4 quick blade
rCold    . . .     Gourm    .   l - +0 buckler
rNeg     . . .     Faith    .   N - +0 steam dragon scales
rPois    +         Spirit   .   F - +0 helmet
rElec    .         Reflect  .   J - +1 cloak
rCorr    .         Harm     .   (no gloves)
MR       +....                  d - +1 pair of boots
Stlth    ++++......             (no amulet)
HPRegen  0.60/turn              t - ring of flight
MPRegen  0.14/turn              (no ring)

@: exhausted, lightly drained
A: fangs 3, poison resistance, regeneration 1, acidic bite, no potion heal 3,
rot immunity, strong jaws
a: Wall Jump, Serpent's Lash, Renounce Religion, Evoke Flight


You were on level 1 of the Lair of Beasts.
You worshipped Wu Jian.
Wu Jian was most pleased with you.
You were not hungry.

You visited 2 branches of the dungeon, and saw 9 of its levels.

You collected 741 gold pieces.
You spent 136 gold pieces at shops.

Inventory:

Hand Weapons
 a - a +4 quick blade (weapon)
 b - a +1 hunting sling
 c - a +3 long sword
 C - a +0 short sword
 G - a +1 hand crossbow of flaming
Missiles
 i - 1659 stones (quivered)
 s - 352 sling bullets
 v - 317 bolts
 w - 385 arrows
 E - a throwing net {!f!f}
 L - 84 tomahawks
Armour
 d - a +1 pair of boots (worn)
 l - a +0 buckler (worn)
 F - a +0 helmet (worn)
 J - a +1 cloak (worn)
 N - +0 steam dragon scales (worn)
Jewellery
 t - a ring of flight (left hand)
Wands
 k - a wand of iceblast (12)
 y - a wand of random effects (15)
 O - a wand of paralysis (9)
Scrolls
 f - 2 scrolls of remove curse {@r2}
 g - a scroll of magic mapping {@r5 !r}
 m - 4 scrolls of enchant weapon
 r - 12 scrolls of teleportation {@r3 !r}
 u - 2 scrolls of blinking
 z - 2 scrolls of enchant armour {unknown}
 D - 2 scrolls of identify {@r1}
 H - a scroll of fog {unknown}
 I - a scroll of immolation {unknown}
 M - 2 scrolls of brand weapon {unknown}
Potions
 h - 3 potions of cancellation
 j - a potion of brilliance {unknown}
 n - 8 potions of curing {@q1 !q}
 o - 2 potions of might {unknown}
 p - 4 potions of agility {@q5 !q}
 q - 2 potions of haste
 x - a potion of mutation
 A - 2 potions of resistance
 B - a potion of lignification {@q6}
 K - 2 potions of magic {unknown}
Comestibles
 e - 16 rations {!d}


   Skills:
 * Level 7.5(7.0) Fighting
 + Level 8.9(8.4) Short Blades
   Level 0.8(0.5) Maces & Flails
 - Level 0.1(0.0) Armour
 + Level 6.8(6.4) Dodging
 - Level 10.0(9.5) Stealth
 + Level 4.4(4.0) Evocations


You had 9 spell levels left.
You didn't know any spells.
Your spell library contained the following spells:

 Spells                   Type           Power        Failure   Level  Hunger
 Flame Tongue             Conj/Fire      #....        43%         1    ##.....
 Magic Dart               Conj           #...         43%         1    ##.....
 Flaming Arrows           Chrm/Fire      #.......     58%         2    ###....
 Searing Ray              Conj           #.......     58%         2    ###....
 Confuse                  Hex            #.......     82%         3    ####...
 Conjure Flame            Conj/Fire      #.......     82%         3    ####...
 Dazzling Spray           Conj/Hex       #.....       82%         3    ####...
 Inner Flame              Hex/Fire       N/A          82%         3    ####...
 Iskenderun's Mystic Bla  Conj           #.......     82%         3    ####...
 Fulminant Prism          Conj/Hex       #.........   99%         4    #####..
 Petrify                  Tmut/Erth      #.......     99%         4    #####..
 Sticky Flame             Conj/Fire      #.......     99%         4    #####..
 Yara's Violent Unravell  Hex/Tmut       #.........   99%         4    #####..
 Fireball                 Conj/Fire      #.........   100%        5    ######.
 Irradiate                Conj/Tmut      #.........   100%        5    ######.
 Metabolic Englaciation   Hex/Ice        #.........   100%        5    ######.
 Mana Rupture             Conj/Hex       #.........   100%        7    #######


Dungeon Overview and Level Annotations

Branches:
Dungeon (8/12)             Temple (0/1) D:5            Lair (1/6) D:8
    Orc: D:8-11

Altars:
Cheibriados
Fedhas
Sif Muna
Trog
Uskayaw
Vehumet
Wu Jian
Xom

Shops:
D:6 *   D:8 }

Annotations:
D:2 1 runed door, exclusion: door
D:4 3 runed translucent doors, Voda's ghost, novice OpSp
Lair:1 exclusion: oklob plant


Innate Abilities, Weirdness & Mutations

You have razor-sharp teeth.
Your system is resistant to poisons. (rPois)
Your natural rate of healing is unusually fast.
You have acidic saliva.
Potions cannot restore your health.
You are immune to rotting.
Your bites deal extra damage.


Message History

The blink frog is lightly wounded.
The blink frog misses you.
You closely miss the blink frog.
The blink frog is lightly wounded.
The blink frog barely misses you.
You hit the blink frog.
The blink frog is moderately wounded.
The blink frog hits you. The blink frog misses you.
You miss the blink frog.
The blink frog is moderately wounded.
You barely miss the blink frog.
The blink frog is moderately wounded.
A hippogriff comes into view.
You puncture the blink frog! Your bite misses the blink frog.
The blink frog is heavily wounded.
The blink frog closely misses you. The blink frog misses you.
You hit the blink frog but do no damage.
The blink frog is heavily wounded.
You spin and attack the blink frog repeatedly.
You hit the blink frog.
The blink frog is lightly wounded.
You hit the blink frog.
The blink frog is lightly wounded.
You barely miss the blink frog.
The blink frog is lightly wounded.
You hit the blink frog.
The blink frog is moderately wounded.
You spin and attack the blink frog repeatedly.
You puncture the blink frog!
The blink frog is almost dead.
You hit the blink frog.
You kill the blink frog!
The Council accepts your kill. The blink frog hits you.
The blink frog hits you!
You spin and attack the blink frog repeatedly.
You hit the blink frog. Your bite misses the blink frog.
The blink frog is moderately wounded.
You miss the blink frog. Your bite misses the blink frog.
The blink frog is moderately wounded.
You hit the blink frog.
The blink frog is moderately wounded.
The blink frog hits you!
Your muscles tense, ready for explosive movement...
You spin and attack the blink frog repeatedly, with incredible momentum.
You hit the blink frog.
The blink frog is heavily wounded.
You hit the blink frog. Your bite misses the blink frog.
The blink frog is heavily wounded.
You hit the blink frog.
The blink frog is severely wounded.
You spin and attack the water moccasin repeatedly, with incredible momentum.
You hit the water moccasin.
The water moccasin is lightly wounded.
You hit the water moccasin.
The water moccasin is lightly wounded.
You hit the water moccasin.
The water moccasin is moderately wounded.
You see here a blink frog corpse.
You spin and attack the blink frog repeatedly, with incredible momentum.
You puncture the blink frog!
The blink frog is almost dead.
You hit the blink frog.
You blow up the blink frog!
The Council accepts your kill.
You spin and attack the water moccasin repeatedly, with incredible momentum.
You hit the water moccasin.
The water moccasin is heavily wounded.
You hit the water moccasin.
The water moccasin is heavily wounded.
You hit the water moccasin.
The water moccasin is severely wounded.
You feel drained.
Your supernatural speed expires.
You spin and attack the water moccasin repeatedly.
You barely miss the water moccasin.
The water moccasin is severely wounded.
You closely miss the water moccasin.
The water moccasin is severely wounded.
You hit the water moccasin.
The water moccasin is almost dead.
The water moccasin barely misses you. The blink frog hits you!
* * * LOW HITPOINT WARNING * * *
You hit the blink frog.
The blink frog is lightly wounded.
The water moccasin bites you.
* * * LOW HITPOINT WARNING * * *
You spin and attack the blink frog repeatedly.
You hit the blink frog.
The blink frog is moderately wounded.
You hit the blink frog.
The blink frog is heavily wounded.
You miss the blink frog.
The blink frog is heavily wounded.
Your shield prevents you from hitting the blink frog.
The blink frog is heavily wounded.
You spin and attack the water moccasin repeatedly.
You hit the water moccasin.
You kill the water moccasin!
The Council accepts your kill. The blink frog hits you!
You die...

### #### ### ###
######.###P.###.##..###.
........................
................F.......
..............°.@.......
...............○........
........................
##.####P##.)###.#.H.....
#### ####...........###
# #.......#....# # ..#
....#...## #. .....+...#
...... ...


You could see a hippogriff and a blink frog.

Vanquished Creatures
  A catoblepas (D:6)
  An unseen horror (D:8)
  Maurice (D:8)
  A tengu conjurer (D:8)
  2 trolls (D:7)
  Grinder (D:4)
  A hippogriff (D:6)
  2 blink frogs (Lair:1)
  A steam dragon (D:7)
  2 water moccasins (Lair:1)
  A crocodile (D:6)
  A porcupine (Lair:1)
  An ice beast (D:7)
  3 phantoms
  5 ogres
  3 sky beasts
  2 bullfrogs
  2 big kobolds
  A gnoll sergeant (D:6)
  A scorpion (D:5)
  3 killer bees (D:7)
  3 vampire bats (D:5)
  5 wights
  2 howler monkeys (D:7)
  A jelly (D:8)
  3 crimson imps
  4 orc wizards
  2 orc priests (D:4)
  2 hounds
  A bullfrog skeleton (D:6)
  3 iguanas
  8 worker ants
  2 hound skeletons
  3 worker ant zombies
  4 gnolls (D:6)
  3 adders
  A shadow imp (D:8)
  An adder zombie (D:7)
  An ooze (D:5)
  3 adder skeletons
  3 worms
  2 dart slugs
  10 leopard geckos
  14 orcs
  2 giant cockroaches
  5 goblins
  13 hobgoblins
  10 jackals
  18 kobolds
  3 quokkas
  A ball python (D:1)
  18 bats
  A frilled lizard (D:1)
  A quokka zombie (D:5)
  4 rats
193 creatures vanquished.

Vanquished Creatures (others)
  An iguana (D:7)
1 creature vanquished.

Grand Total: 194 creatures vanquished

Notes
Turn   | Place    | Note
-------+----------+-------------------------------------------
     0 | D:1      | MisterOstroum the Vine Stalker Archaeologist began the
                  | quest for the Orb.
     0 | D:1      | Reached XP level 1. HP: 11/11 MP: 2/2
    94 | D:1      | Reached skill level 1 in Fighting
   149 | D:1      | Reached XP level 2. HP: 15/16 MP: 3/3
   162 | D:1      | Reached skill level 1 in Short Blades
   464 | D:1      | Reached XP level 3. HP: 16/20 MP: 4/4
   839 | D:2      | Found a blossoming altar of Fedhas.
   890 | D:2      | Reached skill level 5 in Stealth
  1244 | D:2      | Reached XP level 4. HP: 26/26 MP: 5/5
  1446 | D:2      | Found a runed door.
  1675 | D:3      | Found an ornate altar of the Wu Jian Council.
  1759 | D:3      | Reached XP level 5. HP: 26/30 MP: 6/6
  1759 | D:3      | Identified a scroll of acquirement
  1792 | D:3      | Became a worshipper of the Wu Jian Council
  1806 | D:3      | Found a faded altar of an unknown god.
  1989 | D:3      | Noticed an ogre
  2339 | D:3      | Killed an ogre
  2359 | D:3      | Found a radiant altar of Vehumet.
  2427 | D:3      | Gained mutation: You have razor-sharp teeth. [Vine Stalker
                  | growth]
  2427 | D:3      | Reached XP level 6. HP: 36/36 MP: 7/7
  2502 | D:4      | Found a runed translucent gate.
  2502 | D:4      | Found a runed translucent gate.
  2520 | D:4      | Noticed a sky beast
  2537 | D:4      | Found a runed translucent gate.
  2537 | D:4      | Noticed Voda's ghost (novice OpSp)
  2943 | D:4      | Noticed Grinder
  2964 | D:4      | Killed Grinder
  2964 | D:4      | Reached skill level 5 in Short Blades
  2964 | D:4      | Reached XP level 7. HP: 34/41 MP: 8/8
  3165 | D:4      | Reached skill level 6 in Stealth
  3407 | D:4      | Reached skill level 1 in Evocations
  3424 | D:4      | Reached * piety under Wu Jian
  3447 | D:4      | Gained mutation: You have acidic saliva. [Jungle Stalker
                  | growth]
  3447 | D:4      | Gained mutation: Your system is resistant to poisons.
                  | (rPois) [Jungle Stalker growth]
  3447 | D:4      | Reached XP level 8. HP: 39/48 MP: 8/9
  3716 | D:5      | Entered Level 5 of the Dungeon
  3716 | D:5      | Found a hide-covered altar of Uskayaw.
  4143 | D:5      | Noticed a troll
  4635 | D:5      | Found a staircase to the Ecumenical Temple.
  4713 | D:6      | Found Noahiy's General Store.
  5043 | D:6      | Bought a potion of lignification for 39 gold pieces
  5043 | D:6      | Bought a scroll of blinking for 97 gold pieces
  5077 | D:6      | Noticed a catoblepas
  5169 | D:6      | Reached ** piety under Wu Jian
  5175 | D:6      | Reached skill level 5 in Dodging
  5175 | D:6      | Reached XP level 9. HP: 44/52 MP: 10/12
  5344 | D:6      | Found a shimmering blue altar of Sif Muna.
  5435 | D:6      | Reached skill level 7 in Stealth
  5549 | D:6      | Reached skill level 5 in Fighting
  5598 | D:6      | Found a bloodstained altar of Trog.
  5599 | D:6      | Found a snail-covered altar of Cheibriados.
  5756 | D:6      | Reached skill level 8 in Stealth
  5819 | D:6      | Killed a catoblepas
  6050 | D:7      | Reached skill level 9 in Stealth
  6055 | D:7      | Noticed a troll
  6059 | D:7      | Killed a troll
  6059 | D:7      | Reached XP level 10. HP: 60/60 MP: 13/13
  6517 | D:7      | Reached *** piety under Wu Jian
  6976 | D:8      | Found Titzir's Gadget Emporium.
  7076 | D:8      | Noticed Maurice
  7257 | D:8      | Found a staircase to the Lair.
  7475 | D:8      | Killed an unseen horror
  7664 | D:8      | Killed Maurice
  7665 | D:8      | Reached skill level 10 in Stealth
  7682 | Lair:1   | Entered Level 1 of the Lair of Beasts
  7682 | Lair:1   | Found a shimmering altar of Xom.
  7689 | Lair:1   | Noticed an oklob plant
  7788 | Lair:1   | Slain by a blink frog

Skill      XL: |  1  2  3  4  5  6  7  8  9 10 |
---------------+-------------------------------+-----
Fighting       | 1 2 3 4 5 7 |  7.5
Short Blades   | 1 2 3 5 6 8 |  8.9
Stealth        | 5 6 9 10 | 10.0
Dodging        | 4 5 6 |  6.8
Evocations     | 1 2 3 4 |  4.4
Maces & Flails | |  0.8
Armour         | |  0.1

Action                   |  1- 3 |  4- 6 |  7- 9 | 10-12 || total
-------------------------+-------+-------+-------+-------++-------
Melee: Dagger            |    86 |    30 |   312 |       ||   428
       Whip              |    10 |       |       |       ||    10
       Bite              |    14 |    15 |    50 |    15 ||    94
       Short sword       |   102 |   176 |    53 |       ||   331
       Long sword        |       |       |    17 |       ||    17
       Quick blade       |       |       |    16 |   250 ||   266
 Fire: Hunting sling     |       |    27 |     8 |       ||    35
Throw: Stone             |     7 |     4 |     5 |       ||    16
Invok: Lunge             |       |    12 |    26 |    10 ||    48
       Whirlwind         |       |    15 |    49 |    16 ||    80
 Abil: Serpent's Lash    |       |       |     1 |     1 ||     2
Evoke: Wand              |       |       |     3 |       ||     3
  Use: Scroll            |     4 |     6 |     3 |       ||    13
 Stab: Sleeping          |     3 |     3 |     6 |     5 ||    17
       Distracted        |     1 |       |       |     1 ||     2
  Eat: Chunk             |     1 |     6 |    10 |     6 ||    23
Armor: Ring mail         |   104 |    66 |   102 |    11 ||   283
       Steam dragon scal |       |       |       |    19 ||    19
Dodge: Dodged            |   138 |   105 |   177 |    62 ||   482
